 Dungeon Crawl Stone Soup version 0.30.0-13-g156ef70053 (webtiles) character file.

Game seed: 594809504125012557

114 ProzacElf the Sneak (level 4, -1/33 HPs)
             Began as a Vampire Warper on May 17, 2023.
             Was an Initiate of Gozag.
             Slain by an orc
             ... wielding a +0 hand axe
              (6 damage)
             ... on level 2 of the Dungeon on May 18, 2023.
             The game lasted 00:04:42 (2247 turns).

ProzacElf the Sneak (Vampire Warper)                Turns: 2247, Time: 00:04:43

Health: -1/33      AC:  4    Str: 12    XL:     4   Next: 66%
Magic:  7/7        EV: 12    Int: 15    God:    Gozag
Gold:   332        SH:  0    Dex: 13    Spells: 7/7 levels left

rFire   . . .        a - +0 falchion
rCold   . . .        (no shield)
rNeg    . . .        b - +0 leather armour
rPois   .            k - +0 helmet
rElec   .            (no cloak)
rCorr   .            (no gloves)
SInv    +            (no boots)
Will    .....        (no amulet)
Stlth   ++           (no ring)
HPRegen 0.45/turn    (no ring)
MPRegen 0.10/turn

%: no passive effects
@: healing quickly
A: alive, fangs 3, see invisible, vampiric 2
a: Exsanguinate, Renounce Religion, Potion Petition, Call Merchant, Bribe Branch


You were on level 2 of the Dungeon.
You worshipped Gozag.
Gozag was aware of your devotion.
You visited 1 branch of the dungeon, and saw 3 of its levels.

You collected 332 gold pieces.

Inventory:

Hand Weapons
 a - a +0 falchion (weapon)
Missiles
 d - 7 boomerangs of dispersal (quivered)
 i - 2 silver javelins
Armour
 b - a +0 leather armour (worn)
 j - a +0 ring mail
 k - a +0 helmet (worn)
Jewellery
 h - an amulet of faith
 n - a ring of poison resistance
Scrolls
 c - a scroll of blinking
 f - 3 scrolls of identify {unknown}
 l - a scroll of fog {unknown}
Potions
 e - a potion of lignification {unknown}
 g - 2 potions of brilliance {unknown}
 m - a potion of might {unknown}


   Skills:
 - Level 1.7 Fighting
 + Level 3.2 Long Blades
 + Level 2.2 Throwing
 - Level 0.7 Armour
 - Level 2.1 Dodging
 + Level 3.8 Stealth
 - Level 2.0 Spellcasting
 - Level 2.4 Translocations


You had 7 spell levels left.
You didn't know any spells.
Your spell library contained the following spells:

 Spells                   Type           Power      Damage    Failure   Level
 Blink                    Tloc           16%        N/A       16%         2
 Lesser Beckoning         Tloc           16%        N/A       16%         2
 Freeze                   Ice            4%         1d3       28%         1
 Teleport Other           Tloc           8%         N/A       32%         3
 Vhi's Electric Charge    Tloc/Air       10%        N/A       45%         3
 Frozen Ramparts          Ice            2%         1d1       63%         3
 Hailstorm                Conj/Ice       1%         3d3       63%         3
 Ozocubu's Armour         Ice            1%         N/A       63%         3
 Manifold Assault         Tloc           8%         N/A       71%         4
 Arcjolt                  Conj/Air       0%         1d10      100%        5
 Metabolic Englaciation   Hex/Ice        0%         N/A       100%        5
 Maxwell's Capacitive Co  Air            0%         ∞         100%        8
 Simulacrum               Ice/Necr       Unusable   N/A       N/A         6

Dungeon Overview and Level Annotations

Branches:
Dungeon (3/15)

Altars:
Gozag

Annotations:
D:2 1 runed translucent door, Crazy Yiuf


Innate Abilities, Weirdness & Mutations

Your natural rate of healing is accelerated.
You have razor-sharp teeth.
You have supernaturally acute eyesight. (SInv)
You are afflicted with vampirism and can become a bat while bloodless.


Message History

Tha orc shouts!
Ye slash tha orc!
Ye kill tha orc!
Ye hear a shout!
An orc priest an' an orc come inta view.
Tha orc hits ye wit' a +0 short sword.
Thin's tha be 'ere: 18 gold pieces; a +0 hand axe Ye take 1 damage, an' haf 28/33 hp.
Ye barely miss tha orc.
Tha orc shouts!
Yer bite misses tha orc.
Tha orc closely misses ye.
Ye hit tha orc.
Tha orc be moderately wounded.
Tha orc priest invokes tha aid o' Beogh against ye.
Beogh smites ye!
Tha orc closely misses ye.
Ye take 14 damage, an' haf 14/33 hp.
MASSIVE DAMAGE!!
Ye be too injured ta fight recklessly!
Ye be too injured ta fight recklessly!
Tha orc hits ye but does nay damage.
Tha orc closely misses ye.
Tha orc priest invokes tha aid o' Beogh against ye.
Beogh smites ye!
* * * LOW HITPOINT WARNIN'
* * * Ye take 10 damage, an' haf 5/33 hp.
MASSIVE DAMAGE!!
Tha orc priest looks encouraged fer a momn't.
Thar be a stone staircase leadin' up, spatt'red wit' blood 'ere.
Tha orc hits ye wit' a +0 short sword.
* * * LOW HITPOINT WARNIN'
* * * Tha orc hits ye wit' a +0 hand axe.
* * * LOW HITPOINT WARNIN'
* * * Ye climb upwards.
Level annotation: 1 run'd translucent door, Crazy Yiuf Thar be a stone staircase leadin' down 'ere.
Ye take 1 damage, an' haf 5/33 hp.
Ye barely miss tha orc.
Tha orc be moderately wounded.
Tha orc hits ye but does nay damage.
Tha orc hits ye wit' a +0 hand axe.
Ye die...
Yer body crumbles inta a pile o' gold.

#####..#################...######
#............................
#.##.##########........######
#.##..#### #........# #.###....#
#........# #.# ####.###
#........# #.# #...####........#
#.# ###.#.o'........# #.#
#..o@##........# #.#
#.#####........# #.# #.#
########## #####.# #.# ......#
#.# #.##..# #.# ###########
...#).# #.# #..........
......#######.# #.#########
...#..........# #.# #....


You could see 2 orcs.

Vanquished Creatures
  Robin (D:2)
  4 adders (D:2)
  14 orcs
  3 endoplasms
  2 giant cockroaches
  12 goblins (D:2)
  5 hobgoblins
  3 ball pythons
  2 bats
  A frilled lizard (D:2)
  A rat (D:2)
48 creatures vanquished.

Notes
Turn   | Place    | Note
-------+----------+-------------------------------------------
     0 | D:1      | ProzacElf the Vampire Warper began the quest for the Orb.
     0 | D:1      | Reached XP level 1. HP: 16/16 MP: 3/3
   755 | D:1      | Reached skill level 1 in Throwing
   755 | D:1      | Reached skill level 1 in Stealth
   869 | D:2      | Upgraded the game from 0.30.0-11-gf55b779eaf to
                  | 0.30.0-13-g156ef70053
   879 | D:2      | Found a faded altar of an unknown god.
   885 | D:2      | Reached XP level 2. HP: 20/22 MP: 5/5
   914 | D:2      | Prayed at the altar of an unknown god.
   914 | D:2      | Became a worshipper of Gozag Ym Sagoz the Greedy
   937 | D:2      | Found a runed translucent door.
   938 | D:2      | Noticed Crazy Yiuf
   971 | D:2      | Noticed Robin
   994 | D:2      | Gained mutation: You are afflicted with vampirism and can
                  | become a bat while bloodless. [Vampire growth]
   994 | D:2      | Reached XP level 3. HP: 17/27 MP: 6/6
  1055 | D:2      | Killed Robin
  1539 | D:2      | Reached XP level 4. HP: 33/33 MP: 7/7
  2247 | D:2      | Slain by an orc

Illustrated notes

Levels and vault maps discovered:
D:1:      minmay_arrival_shoal_huts, layout_basic, serial_curves,
          eino_curves_04, eino_curves_02, minmay_crystal_room, item_on_display_a
D:2:      layout_basic, dreamdust_ecumenical_altar_statues,
          kennysheep_small_spiral, minmay_stone_trees_small,
          hangedman_decor_clover_reticule, uniq_robin, uniq_crazy_yiuf_cottage
D:3:      layout_rooms, serial_shops, shop

Skill      XL: |  1  2  3  4 |
---------------+-------------+-----
Throwing       | 1 2 |  2.2
Stealth        | 1 2 3 |  3.8
Long Blades    | 3 |  3.2
Fighting       | |  1.7
Armour         | |  0.7
Dodging        | |  2.1
Spellcasting   | |  2.0
Translocations | |  2.4

Action                     |  1- 3 |  4- 6 || total
---------------------------+-------+-------++-------
  Melee: Falchion          |   110 |    72 ||   182
         Bite              |    15 |     9 ||    24
   Stab: Sleeping          |     1 |       ||     1
 Armour: Leather armour    |    29 |    32 ||    61
  Dodge: Dodged            |    72 |    60 ||   132

Action                     |  1- 3 |  4- 6 || total
---------------------------+-------+-------++-------
  Melee: Falchion          |   110 |    72 ||   182
         Bite              |    15 |     9 ||    24
   Stab: Sleeping          |     1 |       ||     1
 Armour: Leather armour    |    29 |    32 ||    61
  Dodge: Dodged            |    72 |    60 ||   132

Levels and vault maps discovered:
D:1:      minmay_arrival_shoal_huts, layout_basic, serial_curves,
          eino_curves_04, eino_curves_02, minmay_crystal_room, item_on_display_a
D:2:      layout_basic, dreamdust_ecumenical_altar_statues,
          kennysheep_small_spiral, minmay_stone_trees_small,
          hangedman_decor_clover_reticule, uniq_robin, uniq_crazy_yiuf_cottage
D:3:      layout_rooms, serial_shops, shop
